 Dungeon Crawl Stone Soup version 0.29-a0-330-g52719c12eb (webtiles) character file.

Game seed: 5392015639671422090

28 thiscave3701365 the Chopper (level 3, -3/33 HPs)
             Began as a Hill Orc Berserker on Apr 12, 2022.
             Was a Believer of Trog.
             Slain by Sigmund
             ... wielding a +0 scythe
              (11 damage)
             ... on level 2 of the Dungeon.
             The game lasted 00:00:54 (1376 turns).

thiscave3701365 the Chopper (Hill Orc Berserker)    Turns: 1376, Time: 00:00:55

Health: -3/33      AC:  2    Str: 21    XL:     3   Next: 12%
Magic:  3/3        EV: 12    Int:  7    God:    Trog [**....]
Gold:   38         SH:  0    Dex: 10    Spells: 2/2 levels left

rFire   . . .      SeeInvis .   a - +0 hand axe
rCold   . . .      Faith    .   (no shield)
rNeg    . . .      Spirit   .   b - +0 animal skin
rPois   .          Reflect  .   (no helmet)
rElec   .          Harm     .   (no cloak)
rCorr   .          Rampage  .   (no gloves)
Will    .....                   (no boots)
Stlth   +.........              (no amulet)
HPRegen 0.11/turn               (no ring)
MPRegen 0.08/turn               (no ring)

@: confused, on berserk cooldown, slowed, very slow
A: no striking features
a: Renounce Religion, Berserk, Trog's Hand


You were on level 2 of the Dungeon.
You worshipped Trog.
Trog was pleased with you.
You visited 1 branch of the dungeon, and saw 2 of its levels.

You collected 38 gold pieces.

Inventory:

Hand Weapons
 a - a +0 hand axe (weapon)
Armour
 b - a +0 animal skin (worn)
Scrolls
 g - a scroll of identify {unknown}
 i - a scroll of brand weapon {unknown}
Potions
 c - a potion of attraction {unknown}
 d - a potion of mutation {unknown}
 e - a potion of curing {unknown}
 f - a potion of ambrosia {unknown}
 h - a potion of lignification {unknown}
 j - 2 potions of resistance {unknown}
 k - a potion of might {unknown}


   Skills:
 - Level 3.7 Fighting
 + Level 5.3 Axes
 - Level 2.3 Armour
 - Level 1.6 Dodging
 + Level 0.1 Stealth


You had 2 spell levels left.
You didn't know any spells.
Your spell library was empty.

Dungeon Overview and Level Annotations

Branches:
Dungeon (2/15)

Altars:

Annotations:
D:2 Sigmund


Message History

You closely miss Sigmund.
You fail to use your ability.
Sigmund hits you with a +0 scythe!
You hit Sigmund.
Sigmund is lightly wounded.
Sigmund hits you with a +0 scythe.
Unknown command.
You are too injured to fight recklessly!
You are too injured to fight recklessly!
You are too injured to fight recklessly!
You are too injured to fight recklessly!
A red film seems to cover your vision as you go berserk!
You feel yourself moving faster!
You feel mighty!
You hit Sigmund but do no damage.
Sigmund is lightly wounded.
Sigmund misses you.
You slash Sigmund!
Sigmund is moderately wounded.
You hit Sigmund.
Sigmund is heavily wounded.
Sigmund hits you with a +0 scythe!
* * * LOW HITPOINT WARNING * * *
You closely miss Sigmund.
Sigmund is heavily wounded.
You closely miss Sigmund.
Sigmund is heavily wounded.
Sigmund barely misses you.
You closely miss Sigmund.
Sigmund is moderately wounded.
You hit Sigmund.
Sigmund is heavily wounded.
Sigmund gestures at you while chanting.
You are confused.
You bump into the rock wall.
You feel a strong urge to attack something.
You are no longer berserk.
You are exhausted.
You feel yourself slow down. Sigmund barely misses you.
You're too confused to move!
Sigmund hits you from afar with a +0 scythe!
You die...

##### #. .... .. ..# #.
#@# #.########.#
+.(......#@#
#.######.#.#
####.#.#<...#.#.#####.
.......................
####.#†#..†............
#.#.#.†...........
#.#.####.........#
#.#.# #.......... #.#.#
#........##


You could see Sigmund.

Vanquished Creatures
  3 ball pythons
  2 endoplasms (D:1)
  3 giant cockroaches
  2 goblins (D:1)
  3 hobgoblins
  4 kobolds (D:1)
  3 quokkas (D:1)
  2 frilled lizards (D:1)
  2 rats (D:1)
24 creatures vanquished.

Notes
Turn   | Place    | Note
-------+----------+-------------------------------------------
     0 | D:1      | thiscave3701365 the Hill Orc Berserker began the quest for
                  | the Orb.
     0 | D:1      | Reached XP level 1. HP: 19/19 MP: 1/1
   133 | D:1      | Found a faded altar of an unknown god.
   142 | D:1      | Reached XP level 2. HP: 15/27 MP: 2/2
   717 | D:1      | Reached skill level 5 in Axes
  1334 | D:2      | Reached XP level 3. HP: 33/33 MP: 3/3
  1341 | D:2      | Reached ** piety under Trog
  1356 | D:2      | Noticed Sigmund
  1376 | D:2      | Slain by Sigmund

Illustrated notes

Levels and vault maps discovered:
D:1:      heliophobic_arrival_henge, layout_loops_ring,
          shapermc_ecumenical_altar_mp_highgroup
D:2:      layout_basic, grunt_decor_arrowhead, uniq_sigmund, uniq_jessica

Skill      XL: |  1  2 |
---------------+-------+-----
Axes           | 5 |  5.3
Fighting       | |  3.7
Armour         | |  2.3
Dodging        | |  1.6
Stealth        | |  0.1

Action                   || total
-------------------------++-------
Melee: Hand axe          ||    77
       Punch             ||     1
Invok: Berserk           ||     1
Armor: Animal skin       ||     6
Dodge: Dodged            ||    41

Table legend: (Time is in decaauts)
 A = Elapsed time spent in this place.
 B = Non-inter-level travel time spent in this place.
 C = Inter-level travel time spent in this place.
 D = Time resting spent in this place.
 E = Time spent auto-exploring this place.
 F = Levels seen in this place.
 G = Mean time per level.
                   A        B        C        D        E       F      G
               +--------+--------+--------+--------+--------+-----+--------+
         Total |   1377 |   1335 |     42 |      0 |   1168 |   2 |  688.5 |
       Dungeon |   1377 |   1335 |     42 |      0 |   1168 |   2 |  688.5 |
               +--------+--------+--------+--------+--------+-----+--------+

Top non-repeatable levels by time:
     D:1: 1334 daAuts
     D:2: 43 daAuts
